 Dungeon Crawl Stone Soup version 0.31-a0-744-gbc345e7fcb (webtiles) character file.

Game seed: 15319752624266539327

331 IdlyInterested the Trooper (level 6, -1/48 HPs)
             Began as a Demonspawn Fighter on Sept 13, 2023.
             Slain by a scorpion (8 damage)
             ... on level 4 of the Dungeon.
             The game lasted 00:08:02 (2221 turns).

IdlyInterested the Trooper (Demonspawn Fighter)     Turns: 2221, Time: 00:08:03

Health: -1/48      AC: 10    Str: 16    XL:     6   Next: 26%
Magic:  6/6        EV:  2    Int: 10    God:
Gold:   159        SH:  0    Dex: 14    Spells: 5/5 levels left

rFire   . . .        y - +2 short sword (flame)
rCold   . . .        (no shield)
rNeg    . . .        n - +0 chain mail
rPois   .            j - +0 helmet
rElec   .            e - scarf {shadows}
rCorr   .            (no gloves)
SInv    .            (no boots)
Will    .....        (no amulet) Stlth
                     k - +4 ring of slaying
HPRegen 0.28/turn    (no ring)
MPRegen 0.10/turn

%: no passive effects
@: lethally poisoned (-1 -> -7), sleeping
A: claws 1, hooves 2, spiny 1
a: no special abilities


You were on level 4 of the Dungeon.
You visited 1 branch of the dungeon, and saw 4 of its levels.

You collected 159 gold pieces.

Inventory:

Hand Weapons
 a - a +0 rapier
 i - a +1 vampiric dagger
 y - a +2 short sword of flaming (weapon)
Missiles
 f - 11 stones (quivered)
 r - 2 silver javelins
 s - 6 poisoned darts
Armour
 b - a +0 scale mail
 c - a +0 buckler
 e - a scarf of shadows (worn)
 j - a +0 helmet (worn)
 n - a +0 chain mail (worn)
Magical Staves
 w - a staff of air
Jewellery
 k - a +4 ring of slaying (left claw)
 A - an amulet of faith
Talismans
 o - a talisman of death
Wands
 t - a wand of polymorph (3)
 u - a wand of mindburst (19)
Scrolls
 g - a scroll of teleportation
 h - 2 scrolls of enchant armour {unknown}
 m - a scroll of enchant weapon
 x - a scroll of summoning
 B - a scroll of silence {unknown}
Potions
 d - a potion of might
 l - a potion of resistance {unknown}
 p - 2 potions of curing {unknown}
 q - 2 potions of enlightenment {unknown}
 v - a potion of mutation {unknown}
 z - a potion of cancellation {unknown}


   Skills:
 - Level 4.0 Fighting
 - Level 1.7 Short Blades
 - Level 1.0 Throwing
 - Level 3.0 Armour
 - Level 3.0 Dodging
 + Level 0.5 Stealth
 - Level 3.0 Shields
 * Level 3.2 Unarmed Combat


You had 5 spell levels left.
You didn't know any spells.
Your spell library contained the following spells:

 Spells                   Type           Power      Damage    Failure   Level
 Magic Dart               Conj           0%         1d3       99%         1
 Searing Ray              Conj           0%         2d4       100%        2
 Animate Dead             Necr           0%         N/A       100%        4
 Fulminant Prism          Conj/Hex       0%         3d5       100%        4
 Conjure Ball Lightning   Conj/Air       0%         3x3d6     100%        6
 Haunt                    Necr/Summ      0%         N/A       100%        7
 Discord                  Hex            0%         N/A       100%        8
 Disjunction              Tloc           0%         N/A       100%        8
 Infestation              Necr           0%         N/A       100%        8


Dungeon Overview and Level Annotations

Branches:
Dungeon (4/15)
 Temple: D:4-7

Altars:
Gozag

Shops:
D:3 (


Innate Abilities, Weirdness & Mutations

You have sharp fingernails.
You have hoof-like feet.
You are partially covered in sharp spines.


Message History

Ijyb the Twisted Goblin comes into view.
She is wielding a +1 dagger of venom and carrying a wand of mindburst.
Found a chain mail.
Ijyb shouts!
A scorpion comes into view.
You puncture the ball python! You burn the ball python.
You kill the ball python!
Ijyb zaps a wand.
Your mind is blasted!
A sleepcap comes into view.
Ijyb hits you with a +1 dagger of venom.
You are poisoned.
The scorpion stings you but does no damage.
You puncture Ijyb! You burn Ijyb.
Ijyb is heavily wounded.
You feel sick.
Ijyb hits you with a +1 dagger of venom.
You are more poisoned.
The scorpion stings you but does no damage.
You hit Ijyb. You burn Ijyb. You kick Ijyb.
You kill Ijyb!
You feel very sick. The scorpion barely misses you.
You barely miss the scorpion. You kick the scorpion!
The scorpion is heavily wounded.
You feel very sick. The scorpion is struck by your spines.
The scorpion closely misses you.
You hit the scorpion but do no damage.
The scorpion is severely wounded.
You feel very sick. The scorpion closely misses you.
The sleepcap is struck by your spines.
The sleepcap releases spores at you but does no damage.
The scorpion is struck by your spines. The scorpion stings you.
* * * LOW HITPOINT WARNING * * *
You barely miss the scorpion.
The scorpion is severely wounded.
You feel sick. The sleepcap releases spores at you.
* * * LOW HITPOINT WARNING * * *
You are engulfed in a cloud of soporific spores!
You fall asleep.
The scorpion stings you!
You die...

#..#..##..###
###..
#....#..##
#..
##......##
#.) #......##
##.# #...####
#..# #...#
#.## ##..#
#.#
######..####
#.#
#....)@....#
#.#
#....sf..[.#
#.#
#.......!..#
#.##
#....(.....#
#...
#..........#
####
#..........#
#..........#


You could see a sleepcap and a scorpion.

Vanquished Creatures
  A phantom (D:4)
  2 hounds (D:3)
  Jessica (D:3)
  Ijyb (D:4)
  Robin (D:2)
  2 adders (D:2)
  2 ufetubi (D:4)
  A worm (D:2)
  5 dart slugs
  4 orcs (D:3)
  9 ball pythons
  11 bats
  9 endoplasms
  6 giant cockroaches
  3 hobgoblins
  7 kobolds
  2 quokkas
  3 frilled lizards
  18 goblins
  6 rats
94 creatures vanquished.

Notes
Turn   | Place    | Note
-------+----------+-------------------------------------------
     0 | D:1      | IdlyInterested the Demonspawn Fighter began the quest for
                  | the Orb.
     0 | D:1      | Reached XP level 1. HP: 18/18 MP: 1/1
   120 | D:1      | Gained mutation: You are partially covered in sharp spines.
                  | [demonic ancestry]
   120 | D:1      | Reached XP level 2. HP: 22/24 MP: 2/2
   223 | D:1      | Reached skill level 1 in Dodging
   370 | D:1      | Discovered your monstrous ancestry.
   370 | D:1      | Gained mutation: You have sharp fingernails. [demonic
                  | ancestry]
   370 | D:1      | Reached XP level 3. HP: 25/29 MP: 3/3
   513 | D:2      | Noticed Robin
   513 | D:2      | Found an opulent altar of Gozag.
   548 | D:2      | Killed Robin
   635 | D:2      | Found a faded altar of an unknown god.
   758 | D:2      | Reached XP level 4. HP: 37/37 MP: 4/4
  1265 | D:3      | Reached skill level 4 in Fighting
  1391 | D:3      | Found Budigi's Antique Weapon Emporium.
  1402 | D:3      | Reached skill level 1 in Unarmed Combat
  1402 | D:3      | Gained mutation: You have large cloven feet. [demonic
                  | ancestry]
  1402 | D:3      | Reached XP level 5. HP: 39/42 MP: 5/5
  1776 | D:3      | Noticed Jessica
  1781 | D:3      | Killed Jessica
  2053 | D:4      | Noticed a phantom
  2058 | D:4      | Killed a phantom
  2059 | D:4      | Reached skill level 1 in Throwing
  2059 | D:4      | Gained mutation: You have hoof-like feet. [demonic
                  | ancestry]
  2059 | D:4      | Reached XP level 6. HP: 48/48 MP: 6/6
  2213 | D:4      | Noticed Ijyb
  2218 | D:4      | Killed Ijyb
  2221 | D:4      | Slain by a scorpion

Illustrated notes

Levels and vault maps discovered:
D:1:      orjb1_clovarrival, layout_rooms
D:2:      layout_basic, ebering_ecumenical_altar_mist, basic_altar,
          minmay_fractal_squares_5, uniq_robin
D:3:      minmay_diamond_boxcup, layout_basic, serial_shops, shop, serial_glass,
          glass_columns_a, glass_columns_b, hex_intersection, uniq_jessica
D:4:      layout_rooms, elyvilon_altar_3, uniq_ijyb

Skill      XL: |  1  2  3  4  5 |
---------------+----------------+-----
Armour         | 3 |  3.0
Dodging        | 1 2 3 |  3.0
Fighting       | 4 |  4.0
Unarmed Combat | 1 3 |  3.2
Shields        | 3 |  3.0
Throwing       | 1 |  1.0
Short Blades   | |  1.7
Stealth        | |  0.5

Action                     |  1- 3 |  4- 6 || total
---------------------------+-------+-------++-------
  Melee: Rapier            |    82 |       ||    82
         Dagger            |     7 |    69 ||    76
         Punch             |     1 |     1 ||     2
         Kick              |       |    12 ||    12
         Short sword       |       |    16 ||    16
  Throw: Stone             |       |    19 ||    19
    Use: Scroll            |       |     4 ||     4
 Armour: Scale mail        |    59 |    21 ||    80
         Chain mail        |       |    41 ||    41
  Dodge: Dodged            |    36 |    34 ||    70
  Block: Buckler           |    25 |       ||    25

Table legend: (Time is in decaauts)
 A = Elapsed time spent in this place.
 B = Non-inter-level travel time spent in this place.
 C = Inter-level travel time spent in this place.
 D = Time resting spent in this place.
 E = Time spent auto-exploring this place.
 F = Levels seen in this place.
 G = Mean time per level.
                   A        B        C        D        E       F      G
               +--------+--------+--------+--------+--------+-----+--------+
         Total |   2239 |   1872 |    367 |    100 |   1102 |   4 |  559.8 |
       Dungeon |   2239 |   1872 |    367 |    100 |   1102 |   4 |  559.8 |
               +--------+--------+--------+--------+--------+-----+--------+

Top non-repeatable levels by time:
     D:2: 770 daAuts
     D:3: 698 daAuts
     D:1: 568 daAuts
     D:4: 202 daAuts
